 Dungeon Crawl Stone Soup version 0.27.0-1-g7a089689b8 (webtiles) character file.

Game seed: 9437674482804711820

53 Crownlay the Sneak (level 3, -2/24 HPs)
             Began as an Octopode Brigand on Aug 12, 2021.
             Slain by a goblin (5 damage)
             ... led by Robin
             ... on level 2 of the Dungeon.
             The game lasted 00:01:31 (1321 turns).

Crownlay the Sneak (Octopode Brigand)               Turns: 1321, Time: 00:01:31

Health: -2/24      AC:  1    Str: 10    XL:     3   Next: 89%
Magic:  3/3        EV: 12    Int: 13    God:
Gold:   29         SH:  0    Dex: 14    Spells: 2/2 levels left

rFire    . . .     SeeInvis .   a - +2 dagger
rCold    . . .     Faith    .   (no shield)
rNeg     . . .     Spirit   .   (helmet restricted)
rPois    .         Reflect  .   (no amulet)
rElec    .         Harm     .   (no ring)
rCorr    .         Rampage  .   (no ring)
Will     .....                  (no ring)
Stlth    +++++.....             (no ring)
HPRegen  0.08/turn              (no ring)
MPRegen  0.08/turn              (no ring)
                                (no ring)
                                (no ring)

@: no status effects
A: almost no armour, amphibious, 8 rings, camouflage 1, gelatinous body 1,
(nimble swimmer 1), tentacles
a: no special abilities


You were on level 2 of the Dungeon.
You visited 1 branch of the dungeon, and saw 2 of its levels.

You collected 29 gold pieces.

Inventory:

Hand Weapons
 a - a +2 dagger (weapon)
Missiles
 b - 15 poisoned darts (quivered)
 c - 2 curare-tipped darts
Jewellery
 d - a ring of flight
Scrolls
 g - a scroll of identify {unknown}
Potions
 e - a potion of lignification {unknown}
 f - a potion of heal wounds {unknown}


   Skills:
 - Level 2.0 Fighting
 - Level 2.0 Short Blades
 - Level 2.0 Throwing
 - Level 1.0 Dodging
 + Level 7.4 Stealth


You had 2 spell levels left.
You didn't know any spells.
Your spell library was empty.

Dungeon Overview and Level Annotations

Branches:
Dungeon (2/15)

Altars:

Annotations:
D:2 Robin


Innate Abilities, Weirdness & Mutations

You cannot wear most types of armour.
You are amphibious.
You can wear up to eight rings at the same time.
Your skin changes colour to match your surroundings (Stealth+).
Your rubbery body absorbs attacks. (AC +1, EV +1)
((You are camouflaged near water. (Stealth+)))
You have tentacles for arms and can constrict up to eight enemies at once.


Message History

The kobold looks even sicker.
The kobold is moderately wounded.
You kill the kobold!
Robin of the Strong Arm comes into view.
They are wielding a +0 short sword.
You throw a poisoned dart. The poisoned dart barely misses Robin.
Robin shouts!
Robin throws the goblin at you!
A goblin comes into view. It is wielding a +0 club.
You throw a poisoned dart. The poisoned dart hits the goblin.
The goblin is poisoned.
The goblin shouts!
You hear a shout! x2
Robin roars a battlecry!
The goblin goes into a battle-frenzy!
The goblin hits you but does no damage.
You throw a poisoned dart. The poisoned dart hits the goblin.
The goblin looks even sicker.
The goblin is heavily wounded.
The goblin closely misses you.
You throw a poisoned dart.
The poisoned dart barely misses the goblin.
A goblin comes into view. It is wielding a +0 club.
Robin throws the goblin at you! The goblin hits you with a +0 club.
The goblin hits you but does no damage. Robin throws the goblin at you!
A goblin comes into view. It is wielding a +0 dagger.
The goblin shouts!
The goblin hits you with a +0 club.
You kill the goblin!
The goblin unwields a +0 club.
The goblin wields a +2 hunting sling of freezing.
It is covered in frost.
The goblin shoots a stone.
The stone hits you.
* * * LOW HITPOINT WARNING * * *
The stone freezes you.
* * * LOW HITPOINT WARNING * * *
The goblin hits you with a +0 dagger.
* * * LOW HITPOINT WARNING * * *
Robin roars a battlecry!
The goblin unwields a +2 hunting sling of freezing.
The goblin wields a +0 club.
The goblin barely misses you. The goblin hits you with a +0 dagger.
You die...

#............. #.....
#.............
#.....####....)††......
#.....##.+.(...<(.....(
#....##.#(....(...)...
#####....#..(.....g.(g.(..
.........#....)....##...(#
.............g........)...(
......>.....@g............#
..........#.........##....#
.............######## ....#
.........##....#######.
......................#
...........#..........# ##..
...........#..........# .#..
..######..)#..........###.#..
###...#..............##.


You could see Robin and 2 goblins.

Vanquished Creatures
  2 adders (D:2)
  4 endoplasms (D:2)
  7 goblins
  3 hobgoblins
  4 jackals (D:2)
  2 quokkas (D:1)
  2 ball pythons
  2 bats
  A frilled lizard (D:1)
  4 kobolds
  3 rats (D:1)
34 creatures vanquished.

Notes
Turn   | Place    | Note
-------+----------+-------------------------------------------
     0 | D:1      | Crownlay the Octopode Brigand began the quest for the Orb.
     0 | D:1      | Reached XP level 1. HP: 14/14 MP: 1/1
   244 | D:1      | Reached skill level 6 in Stealth
   244 | D:1      | Reached XP level 2. HP: 19/19 MP: 2/2
   709 | D:2      | Reached XP level 3. HP: 24/24 MP: 3/3
   833 | D:2      | Reached skill level 7 in Stealth
  1308 | D:2      | Noticed Robin
  1321 | D:2      | Slain by a goblin

Illustrated notes

Levels and vault maps discovered:
D:1:      dpeg_arrival_ternary, layout_rooms
D:2:      layout_basic, minmay_misc_feat_x, uniq_jessica,
          uniq_crazy_yiuf_cottage, uniq_robin

Skill      XL: |  1  2  3 |
---------------+----------+-----
Stealth        | 6 7 |  7.4
Fighting       | |  2.0
Short Blades   | |  2.0
Throwing       | |  2.0
Dodging        | |  1.0

Action                   || total
-------------------------++-------
Melee: Dagger            ||    62
       Constrict         ||    12
       Tentacles         ||    10
Throw: Dart              ||    14
 Stab: Sleeping          ||     8
Armor: Skin              ||     7
Dodge: Dodged            ||    41
